 Dungeon Crawl Stone Soup version 0.28.0-43-g3370ac3207 (webtiles) character file.

Game seed: 17246873952420669587

63 Descartes the Grasshopper (level 3, 0/16 HPs)
             Began as a Felid Warper on Mar 22, 2022.
             Slain by a gnoll
             ... wielding a +4 halberd
              (14 damage)
             ... on level 2 of the Dungeon.
             The game lasted 00:04:05 (2792 turns).

Descartes the Grasshopper (Felid Warper)            Turns: 2792, Time: 00:04:07

Health: 0/16       AC:  1    Str:  9    XL:     3   Next: 87%
Magic:  6/7        EV: 18    Int: 14    God:
Gold:   62         SH:  0    Dex: 15    Spells: 3/6 levels left
                                        Lives:  0   Deaths: 0

rFire   . . .      SeeInvis +     - Unarmed
rCold   . . .      Faith    .   (shield unavailable)
rNeg    . . .      Spirit   .   (armour unavailable)
rPois   .          Reflect  .   (helmet unavailable)
rElec   .          Harm     .   (cloak unavailable)
rCorr   .          Rampage  .   (gloves unavailable)
Will    .....                   (boots unavailable)
Stlth   ++........              (no amulet)
HPRegen 0.05/turn               (no ring)
MPRegen 0.10/turn               (no ring)

@: very slightly contaminated, quick
A: very small, claws 1, fangs 3, see invisible, speed 1, shaggy fur 1, stealthy
paws, no weapons or thrown items, no armour, multi-lived
a: no special abilities


You were on level 2 of the Dungeon.
You visited 1 branch of the dungeon, and saw 2 of its levels.

You collected 62 gold pieces.

Inventory:

Missiles
 c - 37 stones
Scrolls
 a - a scroll of blinking
 b - 4 scrolls of identify {unknown}
 e - a scroll of teleportation {unknown}
 f - a scroll of fog {unknown}
 i - a scroll of enchant weapon {unknown}
Potions
 d - a potion of degeneration {unknown}
 g - a potion of lignification {unknown}
 h - a potion of mutation {unknown}
 j - 2 potions of flight {unknown}


   Skills:
 - Level 2.0 Fighting
 * Level 4.1 Dodging
 * Level 2.3 Stealth
 * Level 2.7 Unarmed Combat
 - Level 2.0 Spellcasting
 + Level 4.6 Translocations
 + Level 1.1 Transmutations


You had 3 spell levels left.
You knew the following spells:

 Your Spells              Type           Power      Damage    Failure   Level
a - Beastly Appendage     Tmut           8%         N/A       16%         1
b - Blink                 Tloc           28%        N/A       5%          2

Your spell library contained the following spells:

 Spells                   Type           Power      Damage    Failure   Level
 Gell's Gravitas          Tloc           14%        N/A       11%         3
 Lesser Beckoning         Tloc           14%        N/A       11%         3
 Teleport Other           Tloc           14%        N/A       11%         3
 Manifold Assault         Tloc           14%        N/A       67%         5
 Blade Hands              Tmut           2%         N/A       99%         5
 Portal Projectile        Hex/Tloc       Unusable   N/A       N/A         3
 Excruciating Wounds      Necr           Unusable   N/A       N/A         5

Dungeon Overview and Level Annotations

Branches:
Dungeon (2/15)

Altars:


Innate Abilities, Weirdness & Mutations

You have sharp claws.
You have razor-sharp teeth.
You have supernaturally acute eyesight. (SInv)
You cover ground quickly. (Speed+)
You are covered in fur. (AC +1)
Your paws help you pounce on unaware monsters.
You are incapable of wielding weapons or throwing items.
You cannot wear armour.
You gain extra lives every three experience levels.


Message History

The gnoll shouts!
You scratch the jackal.
The jackal is heavily wounded.
The jackal closely misses you. x2; The jackal bites you.
You scratch the jackal.
You kill the jackal!
Your transformation is almost over.
The gnoll misses you. The jackal misses you.
You scratch the jackal.
The jackal is almost dead.
The jackal misses you. The gnoll barely misses you.
You scratch the jackal.
You kill the jackal!
The gnoll completely misses you. The gnoll closely misses you.
You scratch the gnoll.
The gnoll is moderately wounded.
The gnoll closely misses you.
You closely miss the gnoll.
You headbutt the gnoll, but do no damage.
Your bite misses the gnoll.
The gnoll is moderately wounded.
The gnoll misses you.
You scratch the gnoll. Your bite misses the gnoll.
The gnoll is moderately wounded.
The gnoll misses you.
You closely miss the gnoll. Your headbutt misses the gnoll.
The gnoll is moderately wounded.
The gnoll barely misses you.
You scratch the gnoll.
The gnoll is heavily wounded.
Your horns disappear.
The gnoll barely misses you.
Casting: Beastly Appendage (safe; 16% risk of failure)
Confirm with . or Enter, or press ? or * to list all spells.
You miscast Beastly Appendage.
You are very lightly contaminated with residual magic.
Nothing appears to happen.
The gnoll hits you with a +4 halberd!
Ouch! That really hurt!
You die...

##.####### #.# #.#
#.## ###..####
#.......# #
#..P.P..# #
####'#### #######
####..@+
......#####..#.g.#
#####.......##...+
# ##############


You could see a gnoll.

Vanquished Creatures
  An adder (D:2)
  2 dart slugs
  4 bats
  6 endoplasms
  A giant cockroach (D:1)
  5 goblins
  6 hobgoblins
  2 jackals (D:2)
  6 kobolds
  4 ball pythons
  A frilled lizard (D:2)
  4 rats
42 creatures vanquished.

Vanquished Creatures (others)
  4 fungi (D:2)
  4 plants (D:2)
8 creatures vanquished.

Grand Total: 50 creatures vanquished

Notes
Turn   | Place    | Note
-------+----------+-------------------------------------------
     0 | D:1      | Descartes the Felid Warper began the quest for the Orb.
     0 | D:1      | Reached XP level 1. HP: 9/9 MP: 4/4
   198 | D:1      | Reached skill level 1 in Stealth
   432 | D:1      | Reached XP level 2. HP: 13/13 MP: 6/6
   582 | D:1      | You fall into a shaft and drop 1 floor!
   582 | D:2      | Found a faded altar of an unknown god.
   584 | D:2      | Got Plato's Papyrus of Shape Shifting
   587 | D:2      | Learned a level 1 spell: Beastly Appendage
   590 | D:2      | Learned a level 2 spell: Blink
  1156 | D:1      | Reached XP level 3. HP: 16/16 MP: 5/7
  2002 | D:2      | Reached skill level 1 in Transmutations
  2792 | D:2      | Slain by a gnoll

Illustrated notes

Levels and vault maps discovered:
D:1:      ncdulo_halloftheorcs, layout_loops_corners, glass_columns_b,
          minmay_box_of_dots
D:2:      layout_loops_ring, shapermc_ecumenical_altar_rom_forum,
          cheibrodos_gnoll_hut

Skill      XL: |  1  2  3 |
---------------+----------+-----
Stealth        | 1 2 |  2.3
Dodging        | 4 |  4.1
Transmutations | 1 |  1.1
Fighting       | |  2.0
Unarmed Combat | |  2.7
Spellcasting   | |  2.0
Translocations | |  4.6

Action                   || total
-------------------------++-------
Melee: Unarmed           ||    97
       Bite              ||    13
       Headbutt          ||    12
       Punch             ||     1
 Cast: Beastly Appendage ||    31
 Stab: Sleeping          ||     5
Armor: Skin              ||     4
Dodge: Dodged            ||    76
